 Dungeon Crawl Stone Soup version 0.26-a0-752-gcff87cac9a (webtiles) character file.

Game seed: 15082191347916738989

52765 Queen the Severer (level 14, -8/138 HPs)
             Began as a Hill Orc Fighter on Nov 6, 2020.
             Was a High Priest of Beogh.
             Mangled by a sixfirhy (11 damage)
             ... summoned by an orc high priest
             ... on level 2 of the Orcish Mines.
             The game lasted 00:51:58 (22117 turns).

Queen the Severer (Hill Orc Fighter)               Turns: 22117, Time: 00:51:59

Health: -8/138     AC: 17    Str: 24    XL:     14   Next: 65%
Magic:  0/21       EV: 10    Int:  8    God:    Beogh [*****.]
Gold:   1675       SH: 12    Dex: 10    Spells: 13/13 levels left

rFire    . . .     SeeInvis .   a - +2 broad axe (flame)
rCold    . . .     Faith    .   c - +0 kite shield
rNeg     . . .     Spirit   +   D - +0 steam dragon scales
rPois    .         Reflect  .   H - +2 helmet
rElec    .         Harm     .   k - +2 cloak {Stlth+}
rCorr    +         Rampage  .   l - +0 pair of gloves
MR       ++...                  K - +2 pair of boots
Stlth    +.........             v - amulet of guardian spirit
HPRegen  0.33/turn              h - ring of protection from magic
MPRegen  0.17/turn              p - ring of resist corrosion

@: about to teleport
A: walk on water
a: Smiting, Recall Orcish Followers, Give Item to Named Follower, Renounce
Religion


You were on level 2 of the Orcish Mines.
You worshipped Beogh.
Beogh was extremely pleased with you.
You visited 3 branches of the dungeon, and saw 18 of its levels.
You also visited: Sewer.

You collected 2034 gold pieces.
You spent 359 gold pieces at shops.

Inventory:

Hand Weapons
 a - a +2 broad axe of flaming (weapon)
Armour
 c - a +0 kite shield (worn)
 k - a +2 cloak of stealth (worn)
 l - a +0 pair of gloves (worn)
 D - +0 steam dragon scales (worn)
 H - a +2 helmet (worn)
 K - a +2 pair of boots (worn)
 Q - a +3 scale mail of magic resistance
Jewellery
 h - a ring of protection from magic (left hand)
 p - a ring of resist corrosion (right hand)
 r - an uncursed ring of protection from fire
 v - an amulet of guardian spirit (around neck)
 G - an uncursed ring of poison resistance
Wands
 g - a wand of acid (14)
 x - a wand of paralysis (18)
 C - a wand of flame (28)
 L - a wand of random effects (29)
 O - a wand of iceblast (8)
Scrolls
 e - 19 scrolls of remove curse
 i - 7 scrolls of teleportation
 n - 7 scrolls of immolation
 o - a scroll of brand weapon
 q - 5 scrolls of enchant armour
 w - 2 scrolls of magic mapping
 y - 3 scrolls of fog
 z - 4 scrolls of fear
 B - a scroll of blinking
 I - a scroll of vulnerability
 J - a scroll of acquirement
 M - 3 scrolls of enchant weapon
 N - a scroll of amnesia
Potions
 b - 2 potions of cancellation
 d - 3 potions of might
 f - 4 potions of attraction
 j - 12 potions of curing
 m - 6 potions of heal wounds
 s - 2 potions of invisibility {unknown}
 t - 4 potions of haste
 u - 4 potions of flight {unknown}
 A - 3 potions of lignification {unknown}
 E - 3 potions of brilliance {unknown}
 F - a potion of magic {unknown}
 P - a potion of mutation {unknown}


   Skills:
 * Level 16.5 Fighting
 + Level 19.4 Axes
 + Level 5.3 Armour
 + Level 11.4 Shields
 * Level 10.1 Invocations


You had 13 spell levels left.
You didn't know any spells.
Your spell library contained the following spells:

 Spells                   Type           Power        Failure   Level
 Corona                   Hex            #......      56%         1
 Magic Dart               Conj           #...         56%         1
 Blink                    Tloc           N/A          71%         2
 Call Imp                 Summ           #.......     71%         2
 Ensorcelled Hibernation  Hex/Ice        #.....       71%         2
 Slow                     Hex            #.......     71%         2
 Confusing Touch          Hex            #.......     90%         3
 Conjure Flame            Conj/Fire      #.......     90%         3
 Dazzling Flash           Conj/Hex       #.....       90%         3
 Mephitic Cloud           Conj/Pois/Air  #.......     90%         3
 Tukima's Dance           Hex            #.......     90%         3
 Cause Fear               Hex            #.........   100%        4
 Silence                  Hex/Air        #.........   100%        5
 Yara's Violent Unravell  Hex/Tmut       #.........   100%        5
 Discord                  Hex            #.........   100%        8


Dungeon Overview and Level Annotations

Branches:
Dungeon (10/15)            Temple (0/1) D:4            Lair (6/6) D:10
  Swamp (0/4) Lair:4        Snake (0/4) Lair:2        Slime (0/5) Lair:6
    Orc (2/2) D:9             Elf (0/3) Orc:2         Sewer (visited)

Altars:
Ashenzari
Cheibriados
Dithmenos
Elyvilon
Gozag
Kikubaaqudgha
Makhleb
Nemelex Xobeh
Trog
Uskayaw
Vehumet
Wu Jian
Xom
Yredelemnul
Jiyva

Shops:
D:4 ?   D:8 (   Orc:2 =

Annotations:
D:10 exclusions: ice statue and obsidian statue


Message History

You closely miss the sixfirhy.
The sixfirhy is moderately wounded.
You hit the sixfirhy. You burn the sixfirhy.
The sixfirhy is moderately wounded.
You feel much better. You block the sixfirhy's attack.
The sixfirhy closely misses you. The sixfirhy hits you.
* * * LOW HITPOINT WARNING * * *
The sixfirhy shocks you!
* * * LOW HITPOINT WARNING * * *
Okay, then.
As you read the scroll of teleportation, it crumbles to dust.
You feel strangely unstable. The sixfirhy hits you!
* * * LOW HITPOINT WARNING * * *
The sixfirhy shocks you!
* * * LOW HITPOINT WARNING * * *
The sixfirhy barely misses you. The sixfirhy hits you!
* * * LOW HITPOINT WARNING * * *
The sixfirhy shocks you!
You die...
Beogh appreciates the sixfirhy's killing of a heretic priest.

#....## ##....# #...##
##.## ##...# #######
#.##.)))## ###.....###
.......).####........4###
#........##......o.o.o..#
.........@#.......3.oo.oo.
.........3#.#.#.#.#.#o#4#.
.........oo)†.)o..).....))
..........)o)).).....o..))
.......)..)).))....)..)))
.........#.#)#.#.#.#.#.#.
........#...............
.....)..##.............#
....#...####.........###


You could see an orc high priest, a sixfirhy (summoned) and 2 orc warriors.

Vanquished Creatures
  Nessos (Lair:5)
  An ice dragon (Lair:6)
  11 hydras
  3 catoblepae
  12 death yaks
  Sonja (Lair:4)
  An orc high priest (Orc:2)
  2 orc knights (Orc:2)
  A manticore (Lair:6)
  3 elephants (Lair:6)
  3 black mambas
  A molten gargoyle (Lair:4)
  2 torpor snails
  10 cane toads
  Maggie (D:6)
  5 komodo dragons
  Prince Ribbit (D:8)
  7 blink frogs
  2 wyverns
  62 yaks
  7 basilisks
  Grum (D:8)
  A steam dragon (D:9)
  A warg (Orc:2)
  22 water moccasins
  A sky beast (D:7)
  2 ice beasts
  8 ogres
  2 black bears
  4 orc warriors
  A necrophage (D:9)
  5 centaurs
  28 wolves
  2 big kobolds
  12 bullfrogs
  8 killer bees
  A scorpion (D:6)
  3 howler monkeys
  17 wights
  2 bullfrog zombies (D:7)
  A centaur zombie (D:8)
  4 hounds
  3 jellies
  2 centaur skeletons
  4 orc priests
  8 orc wizards
  A gnoll shaman (D:9)
  An iguana (D:8)
  7 hell rats (Lair:1)
  4 worker ants
  A hound zombie (D:8)
  A worker ant zombie (D:6)
  11 gnolls
  8 river rats (Sewer)
  14 adders
  2 shadow imps
  7 white imps
  5 ufetubi
  5 oozes
  An adder zombie (D:7)
  An adder skeleton (D:8)
  2 worms
  2 dart slugs (D:3)
  4 leopard geckos
  36 orcs
  14 giant cockroaches
  5 goblins
  14 hobgoblins
  15 jackals
  28 kobolds
  5 quokkas
  6 ball pythons
  9 bats
  5 frilled lizards
  2 jackal skeletons
  A jackal zombie (D:8)
  A quokka skeleton (D:4)
  A quokka zombie (D:6)
  27 rats
526 creatures vanquished.

Vanquished Creatures (collateral kills)
  A catoblepas (Lair:6)
  2 death yaks (Lair:6)
  An orc high priest (Orc:2)
  An orc knight (Orc:2)
  A manticore (Lair:6)
  A komodo dragon (Lair:6)
  4 yaks (Lair:6)
  A warg (Orc:2)
  8 orc warriors (Orc:2)
  4 orc priests (Orc:2)
  2 orc wizards (Orc:2)
  8 orcs (Orc:2)
34 creatures vanquished.

Vanquished Creatures (others)
  4 orc knights
  13 orc priests
  17 orc warriors
  3 orc wizards
  18 orcs (Orc:2)
  29 fungi
  42 plants
126 creatures vanquished.

Grand Total: 686 creatures vanquished

Notes
Turn   | Place    | Note
-------+----------+-------------------------------------------
     0 | D:1      | Queen the Hill Orc Fighter began the quest for the Orb.
     0 | D:1      | Reached XP level 1. HP: 19/19 MP: 1/1
     1 | D:1      | Found a runed translucent door.
   272 | D:1      | Reached XP level 2. HP: 27/27 MP: 2/2
   316 | D:1      | Reached skill level 3 in Axes
   400 | D:1      | Reached XP level 3. HP: 33/33 MP: 3/3
   803 | D:2      | Reached skill level 4 in Axes
   803 | D:2      | Reached XP level 4. HP: 40/40 MP: 4/4
   850 | D:2      | Found a bloodstained altar of Trog.
  1203 | D:2      | Found a sparkling altar of Nemelex Xobeh.
  1318 | D:2      | Found a hide-covered altar of Uskayaw.
  1320 | D:2      | Noticed a +0 hand axe
  1320 | D:2      | Noticed a +0 dagger
  1690 | D:3      | Noticed a bullfrog
  1704 | D:3      | Killed a bullfrog
  1704 | D:3      | Reached skill level 5 in Axes
  1704 | D:3      | Reached XP level 5. HP: 40/47 MP: 5/5
  2068 | D:3      | Found a faded altar of an unknown god.
  2440 | D:4      | Found Fudibaur's Magic Scroll Shoppe.
  2465 | D:4      | Bought a scroll of identify for 28 gold pieces
  2465 | D:4      | Bought a scroll of identify for 28 gold pieces
  2465 | D:4      | Bought a scroll of identify for 28 gold pieces
  2478 | D:4      | Reached XP level 6. HP: 53/53 MP: 6/6
  2540 | D:4      | Found a basalt altar of Yredelemnul.
  2623 | D:4      | Reached skill level 5 in Fighting
  2623 | D:4      | Reached skill level 6 in Axes
  2748 | D:4      | Reached XP level 7. HP: 61/61 MP: 5/7
  2765 | D:4      | Found a staircase to the Ecumenical Temple.
  2892 | D:4      | Reached skill level 7 in Axes
  2950 | D:5      | Entered Level 5 of the Dungeon
  3205 | D:5      | Found an ancient bone altar of Kikubaaqudgha.
  3360 | D:5      | Reached skill level 5 in Shields
  3687 | D:5      | Found a burning altar of Makhleb.
  3689 | D:5      | Found a radiant altar of Vehumet.
  3694 | D:5      | Reached skill level 8 in Axes
  4057 | D:6      | Noticed Maggie
  4067 | D:6      | Killed Maggie
  4067 | D:6      | Reached XP level 8. HP: 30/71 MP: 2/8
  4067 | D:6      | Reached skill level 9 in Axes
  4332 | D:6      | Reached skill level 5 in Armour
  4512 | D:6      | Reached skill level 10 in Axes
  4667 | D:6      | Found a shadowy altar of Dithmenos.
  4794 | D:6      | Found a glowing drain.
  4798 | Sewer    | Entered a sewer
  5069 | Sewer    | Reached XP level 9. HP: 79/79 MP: 9/9
  5512 | D:7      | Reached skill level 11 in Axes
  6089 | D:7      | Found a broken altar of Ashenzari.
  6565 | D:8      | Noticed Grum
  6571 | D:8      | Killed Grum
  6576 | D:8      | Reached skill level 12 in Axes
  6751 | D:8      | Found a snail-covered altar of Cheibriados.
  6754 | D:8      | Found an opulent altar of Gozag.
  6756 | D:8      | Found a white marble altar of Elyvilon.
  6839 | D:8      | Found Boxtal's Weapon Shoppe.
  7072 | D:8      | Noticed Prince Ribbit
  7087 | D:8      | Killed Prince Ribbit
  7087 | D:8      | Reached XP level 10. HP: 62/91 MP: 5/10
  7698 | D:9      | Reached skill level 13 in Axes
  7876 | D:9      | Became a worshipper of Beogh the Brigand
  7993 | D:9      | Reached skill level 10 in Fighting
  8116 | D:9      | Found a staircase to the Orcish Mines.
  8350 | D:9      | Found a shimmering altar of Xom.
  8646 | D:10     | Entered Level 10 of the Dungeon
  8735 | D:10     | Found a staircase to the Lair.
  9052 | D:10     | Noticed an ice statue
  9431 | D:10     | Noticed an obsidian statue
  9441 | D:10     | Noticed a sun demon
 10205 | Lair:1   | Entered Level 1 of the Lair of Beasts
 10232 | Lair:1   | Reached skill level 14 in Axes
 10265 | Lair:1   | Noticed an eight-headed hydra
 10290 | Lair:1   | Noticed a cane toad
 10294 | Lair:1   | Reached XP level 11. HP: 69/102 MP: 7/11
 10584 | Lair:1   | Noticed a six-headed hydra
 10595 | Lair:1   | Killed a one-headed hydra
 10885 | Lair:1   | Reached * piety under Beogh
 11244 | Lair:1   | Reached skill level 1 in Invocations
 11517 | Lair:1   | Reached skill level 15 in Axes
 11600 | Lair:1   | Killed a one-headed hydra
 12289 | Lair:2   | Found a staircase to the Snake Pit.
 12468 | Lair:2   | Noticed a death yak
 12468 | Lair:2   | Noticed a death yak
 12473 | Lair:2   | Noticed a catoblepas
 12504 | Lair:2   | Reached ** piety under Beogh
 12879 | Lair:2   | Killed a catoblepas
 13105 | Lair:2   | You fall into a shaft and drop 1 floor!
 13149 | Lair:3   | Reached XP level 12. HP: 101/113 MP: 13/15
 13235 | Lair:3   | Reached skill level 16 in Axes
 13391 | Lair:2   | Noticed a seven-headed hydra
 13405 | Lair:2   | Killed a three-headed hydra
 13531 | Lair:2   | Noticed a five-headed hydra
 13539 | Lair:2   | Reached skill level 5 in Invocations
 13546 | Lair:2   | Killed a one-headed hydra
 13791 | Lair:2   | Killed a death yak
 13802 | Lair:2   | Killed a death yak
 14252 | Lair:2   | Noticed a five-headed hydra
 14263 | Lair:2   | Killed a one-headed hydra
 14267 | Lair:2   | Reached *** piety under Beogh
 15487 | Lair:4   | Found an ornate altar of the Wu Jian Council.
 15586 | Lair:4   | Noticed a four-headed hydra
 15599 | Lair:4   | Killed a one-headed hydra
 15599 | Lair:4   | Reached skill level 17 in Axes
 16002 | Lair:4   | Found a staircase to the Swamp.
 16109 | Lair:4   | Reached XP level 13. HP: 119/124 MP: 18/18
 16322 | Lair:4   | Reached skill level 10 in Shields
 16643 | Lair:4   | Identified a scroll of acquirement
 16672 | Lair:5   | Noticed Sonja
 16776 | Lair:4   | Killed Sonja
 17093 | Lair:5   | Noticed Nessos
 17102 | Lair:5   | Killed Nessos
 17425 | Lair:5   | Reached skill level 15 in Fighting
 17428 | Lair:5   | Reached skill level 18 in Axes
 17455 | Lair:5   | Reached **** piety under Beogh
 18330 | Lair:6   | Entered Level 6 of the Lair of Beasts
 18539 | Lair:6   | Reached XP level 14. HP: 117/135 MP: 16/20
 19359 | Lair:6   | Found a staircase to the Slime Pits.
 19359 | Lair:6   | Found a viscous altar of Jiyva.
 19956 | Lair:6   | Reached ***** piety under Beogh
 20342 | Lair:6   | Reached skill level 19 in Axes
 20344 | Lair:6   | Gained Olfrun as an ally
 20374 | Lair:6   | Your ally Olfrun died
 20795 | Lair:6   | Reached skill level 10 in Invocations
 21423 | Orc:1    | Entered Level 1 of the Orcish Mines
 21486 | Orc:2    | Entered Level 2 of the Orcish Mines
 21803 | Orc:2    | Found Owisiph's Jewellery Emporium.
 21803 | Orc:2    | Found a staircase to the Elven Halls.
 21811 | Orc:2    | Bought an uncursed ring of protection from magic for 275
                  | gold pieces
 22117 | Orc:2    | HP: 3/138 [sixfirhy[an orc high priest] (8)]
 22117 | Orc:2    | Mangled by a sixfirhy

Illustrated notes

Levels and vault maps discovered:
D:1:      dpeg_arrival_caged_fury, layout_basic
D:2:      layout_basic, lemuel_coloured_pillars_altar, nemelex_altar_shiori,
          dancing_weapons_uskayaw
D:3:      layout_rooms, chequers_ecumenical_altar_grove, minmay_cupped
D:4:      layout_cave_pools, lemuel_crystal_altar,
          minmay_temple_entry_large_hall, serial_shops, nicolae_shop_crystal
D:5:      layout_loops_cross, kennysheep_mini, kiku_gazebo_pond_becter,
          vehumet_altar_wand_db
D:6:      layout_rooms, lemuel_round_altar, gup_sewer_entry_bowl, uniq_maggie
D:7:      layout_layer_cave, lemuel_round_altar, hex_tiny
D:8:      layout_loops_ring, nicolae_overflow_hidden_temple, serial_shops, shop,
          uniq_grum, uniq_prince_ribbit1
D:9:      layout_roguey, lemuel_crystal_altar, orc_0_dummy
D:10:     minmay_separated_statues, layout_gridville, lair_entry_dummy,
          minmay_misc_feat_enclosed, eino_tiny_chamber
Lair:1:   layout_misc_corridors, grunt_megastairs_5
Lair:2:   layout_long_grid, minmay_snake_entry_six_corridors, minivault_24
Lair:3:   layout_loops_ring
Lair:4:   layout_gridlike, swamp_mist, basic_altar
Lair:5:   layout_regular_city, grunt_megastairs_2, uniq_sonja, uniq_nessos
Lair:6:   evilmike_catoblepas_cave, layout_gridlike, slime_altar_1,
          bobbens_ice_dragon_lair
Orc:1:    layout_caves, serial_shops, nicolae_shop_waterfront, uniq_fannar
Orc:2:    st_orc_pillars, layout_diamond_mine, serial_shops, shop

Skill      XL: |  1  2  3  4  5  6  7  8  9 10 11 12 13 14 |
---------------+-------------------------------------------+-----
Axes           | 3 4 5 6 8 10 12 14 15 17 18 19 | 19.4
Fighting       | 4 5 6 7 9 11 12 14 15 16 | 16.5
Shields        | 4 5 7 8 9 10 11 | 11.4
Armour         | 4 5 |  5.3
Invocations    | 4 6 9 10 | 10.1

Action                   |  1- 3 |  4- 6 |  7- 9 | 10-12 | 13-15 || total
-------------------------+-------+-------+-------+-------+-------++-------
Melee: War axe           |    90 |   195 |   129 |       |       ||   414
       Broad axe         |       |       |   231 |   583 |   433 ||  1247
Invok: Convert to Beogh  |       |       |       |     1 |       ||     1
       Recall Orcish Fol |       |       |       |       |     3 ||     3
       Smiting           |       |       |       |       |     3 ||     3
  Use: Scroll            |       |     3 |     8 |    10 |    11 ||    32
       Potion            |       |       |       |       |     3 ||     3
 Stab: Sleeping          |       |       |     6 |       |       ||     6
       Distracted        |       |       |       |       |     1 ||     1
Armor: Scale mail        |    54 |   111 |    56 |       |       ||   221
       Steam dragon scal |       |       |    91 |   242 |   156 ||   489
Dodge: Dodged            |    37 |    62 |   142 |   185 |   122 ||   548
Block: Kite shield       |    51 |    98 |   199 |   326 |   243 ||   917

Table legend: (Time is in decaauts)
 A = Elapsed time spent in this place.
 B = Non-inter-level travel time spent in this place.
 C = Inter-level travel time spent in this place.
 D = Time resting spent in this place.
 E = Time spent auto-exploring this place.
 F = Levels seen in this place.
 G = Mean time per level.
                   A        B        C        D        E       F      G
               +--------+--------+--------+--------+--------+-----+--------+
         Total |  22285 |  21380 |    905 |   4899 |  12573 |  19 | 1172.9 |
       Dungeon |   9991 |   9463 |    528 |    717 |   6879 |  10 |  999.1 |
          Lair |  11116 |  10751 |    365 |   4182 |   4884 |   6 | 1852.7 |
  Orcish Mines |    680 |    668 |     12 |      0 |    476 |   2 |  340.0 |
         Sewer |    496 |    496 |      0 |      0 |    333 |   1 |  496.0 |
               +--------+--------+--------+--------+--------+-----+--------+

Top non-repeatable levels by time:
  Lair:2: 2531 daAuts
  Lair:6: 2217 daAuts
  Lair:5: 2102 daAuts
  Lair:1: 2089 daAuts
    D:10: 1592 daAuts
  Lair:4: 1424 daAuts
     D:5: 1265 daAuts
     D:7: 1185 daAuts
     D:9: 1124 daAuts
     D:8: 1006 daAuts
     D:3: 890 daAuts
     D:2: 824 daAuts
     D:1: 811 daAuts
  Lair:3: 750 daAuts
     D:6: 695 daAuts
